 Dungeon Crawl Stone Soup version 0.30-a0-374-g95c0257040 (webtiles) character file.

Game seed: 15910437558417340470

69 themarg the Conjurer (level 4, 0/33 HPs)
             Began as a Draconian Conjurer on Nov 27, 2022.
             Slain by Crazy Yiuf
             ... wielding a +4 quarterstaff of chaos
              (7 damage)
             ... on level 2 of the Dungeon.
             The game lasted 00:04:08 (2602 turns).

themarg the Conjurer (Draconian Conjurer)           Turns: 2602, Time: 00:04:09

Health: 0/33       AC:  6    Str:  9    XL:     4   Next: 2%
Magic:  4/8        EV: 12    Int: 21    God:
Gold:   107        SH:  0    Dex:  9    Spells: 5/8 levels left

rFire   . . .      SeeInvis .    c - +0 mace
rCold   . . .      Faith    .    (no shield)
rNeg    . . .      Spirit   .    (body armour unavailable)
rPois   .          Reflect  .    (helmet restricted)
rElec   .          Harm     .    (no cloak)
rCorr   .          Rampage  .    (no gloves)
Will    .....                    h - +0 pair of boots
Stlth   ++........               (no amulet)
HPRegen 0.25/turn                (no ring)
MPRegen 0.11/turn                (no ring)

@: lethally poisoned (0 -> -10)
A: AC +5, unfitting armour, cold-blooded
a: no special abilities


You were on level 2 of the Dungeon.
You visited 1 branch of the dungeon, and saw 2 of its levels.

You collected 107 gold pieces.

Inventory:

Hand Weapons
 c - a +0 mace (weapon)
Missiles
 f - 9 stones
Armour
 h - a +0 pair of boots (worn)
 m - a +0 pair of gloves
Jewellery
 l - a +6 ring of strength
 p - a ring of fire
Scrolls
 b - 3 scrolls of identify {unknown}
 d - a scroll of fog {unknown}
 i - 2 scrolls of teleportation {unknown}
 j - a scroll of poison {unknown}
 n - a scroll of immolation {unknown}
 o - a scroll of amnesia {unknown}
Potions
 a - a potion of magic
 e - a potion of cancellation {unknown}
 g - a potion of mutation {unknown}
 k - a potion of lignification {unknown}


   Skills:
 - Level 1.7 Dodging
 + Level 2.8 Stealth
 + Level 2.7 Spellcasting
 + Level 4.6 Conjurations


You had 5 spell levels left.
You knew the following spells:

 Your Spells              Type           Power      Damage    Failure   Level
a - Magic Dart            Conj           88%        1d7       1%          1
b - Searing Ray           Conj           44%        2d6       3%          2

Your spell library contained the following spells:

 Spells                   Type           Power      Damage    Failure   Level
 Kiss of Death            Conj/Necr      48%        2d9       5%          1
 Sandblast                Erth           4%         2d4       14%         1
 Dazzling Flash           Conj/Hex       24%        N/A       16%         3
 Stone Arrow              Conj/Erth      24%        3d8       16%         3
 Passwall                 Tmut/Erth      1%         N/A       21%         2
 Confusing Touch          Hex            2%         N/A       38%         3
 Fulminant Prism          Conj/Hex       6%         3d7       45%         4
 Iskenderun's Mystic Bla  Conj/Tloc      12%        2d5       45%         4
 Dispel Undead            Necr           2%         3d7       80%         4


Dungeon Overview and Level Annotations

Branches:
Dungeon (2/15)

Altars:

Annotations:
D:2 Crazy Yiuf


Innate Abilities, Weirdness & Mutations

Your plain brown scales are hard. (AC +5)
You cannot fit into any form of body armour.
You are cold-blooded and may be slowed by cold attacks.


Message History

You pick up a book of Touch and begin reading...
You add the spells Kiss of Death, Confusing Touch and Dispel Undead to your library.
There is a stone staircase leading down here.
n - a scroll labelled LIEBEN LAFEOGY
o - a scroll labelled ZOOHUS MERIFF A bat comes into view.
A bat is nearby!
Casting: Magic Dart (safe; 1% risk of failure)
Confirm with . or Enter, or press ? or * to list all spells.
Aiming: Magic Dart (safe; 1% risk of failure)
Press: ? - help, Shift-Dir - straight line, f - bat
Aim: a bat (asleep, 100% to hit)
The magic dart hits the bat.
You kill the bat!
p - a ring of fire
Found a hammer.
Found a runed translucent door.
There is a stone staircase leading up here.
There is a stone staircase leading up here.
Crazy Yiuf shouts!
You open the door.
Casting: Magic Dart (safe; 1% risk of failure)
Confirm with . or Enter, or press ? or * to list all spells.
Aiming: Searing Ray (safe; 3% risk of failure)
Press: ? - help, Shift-Dir - straight line, f - Crazy Yiuf
Aim: Crazy Yiuf, wielding a +4 quarterstaff of chaos and wearing a +0 cloak (81% to hit)
The searing ray hits Crazy Yiuf.
Crazy Yiuf is lightly wounded. (Press . to maintain the ray.) Crazy Yiuf waves his quarterstaff at you.
Crazy Yiuf hits you with a +4 quarterstaff of chaos!
The searing ray hits Crazy Yiuf.
Crazy Yiuf is heavily wounded.
Crazy Yiuf hits you with a +4 quarterstaff of chaos!
You are lethally poisoned!
The searing ray hits Crazy Yiuf!
Crazy Yiuf is almost dead.
* * * LOW HITPOINT WARNING * * *
You feel very sick.
Crazy Yiuf hits you with a +4 quarterstaff of chaos!
You die...

#.# #.#
#.#####.#..... #
#.# ###
###.......#### #
#.# #####.#.#
#####.#### #####
#.#.# .........###
#..)# #####.#.#
...........# #...#
#.....#.#
##.####...## ...
#######.#
##.###.#.#.# #g#
### #.#
##.##......# ♣♣@♣
#.#####.#
.#.###.#.#.# ♣.♣♣
#.......# .#.#
#.....# ♣♣.♣
######### .#†#
#.#.#.# ♣.♣♣ .#.#
#.#.#.# ♣♣.♣♣ .#.#
#.#.#.# ♣...♣♣
.#.###.#.#.# ♣....♣
.#.....#.#.# #....#
.#######.#.###....#


You could see Crazy Yiuf.

Vanquished Creatures
  Robin (D:2)
  An adder (D:2)
  2 dart slugs (D:2)
  2 ball pythons
  6 bats
  4 endoplasms (D:1)
  7 goblins (D:2)
  8 hobgoblins
  2 quokkas (D:1)
  A frilled lizard (D:1)
  3 kobolds
  4 rats
  A spectral goblin (D:2)
42 creatures vanquished.

Notes
Turn   | Place    | Note
-------+----------+-------------------------------------------
     0 | D:1      | themarg the Draconian Conjurer began the quest for the Orb.
     0 | D:1      | Reached XP level 1. HP: 14/14 MP: 3/3
   401 | D:1      | Reached XP level 2. HP: 20/20 MP: 1/5
   404 | D:1      | Learned a level 2 spell: Searing Ray
  1348 | D:2      | Found a faded altar of an unknown god.
  1663 | D:2      | Reached XP level 3. HP: 26/26 MP: 1/6
  1667 | D:2      | Noticed Robin
  1746 | D:2      | Killed Robin
  2301 | D:2      | Reached XP level 4. HP: 33/33 MP: 5/8
  2492 | D:2      | Found a runed translucent door.
  2493 | D:2      | Noticed Crazy Yiuf
  2602 | D:2      | Slain by Crazy Yiuf

Illustrated notes

Levels and vault maps discovered:
D:1:      erik_arrival_blinker_ship, layout_basic, minmay_misc_feat_rugged,
          minmay_misc_feat_iff, st_stairs_7, minmay_tripent
D:2:      layout_loops_ring, dreamdust_ecumenical_altar_drowned_temple,
          uniq_crazy_yiuf_cottage, uniq_robin

Skill      XL: |  1 |
---------------+----+-----
Stealth        | 2 |  2.8
Dodging        | |  1.7
Spellcasting   | |  2.7
Conjurations   | |  4.6

Action                   |  1- 3 |  4- 6 || total
-------------------------+-------+-------++-------
Melee: Mace              |    29 |       ||    29
       Punch             |     1 |       ||     1
       Tailslap          |     2 |       ||     2
 Cast: Magic Dart        |    65 |     1 ||    66
       Searing Ray       |     6 |     1 ||     7
Armor: Skin              |    15 |       ||    15
Dodge: Dodged            |    25 |       ||    25

Table legend: (Time is in decaauts)
 A = Elapsed time spent in this place.
 B = Non-inter-level travel time spent in this place.
 C = Inter-level travel time spent in this place.
 D = Time resting spent in this place.
 E = Time spent auto-exploring this place.
 F = Levels seen in this place.
 G = Mean time per level.
                   A        B        C        D        E       F      G
               +--------+--------+--------+--------+--------+-----+--------+
         Total |   2621 |   2621 |      0 |    132 |   2198 |   2 | 1310.5 |
       Dungeon |   2621 |   2621 |      0 |    132 |   2198 |   2 | 1310.5 |
               +--------+--------+--------+--------+--------+-----+--------+

Top non-repeatable levels by time:
     D:2: 1347 daAuts
     D:1: 1274 daAuts
